 Dungeon Crawl Stone Soup version 0.26.1-11-gd32895ea62 (webtiles) character file.

Game seed: 4411662610359514404

67 H0rd4k the Insei (level 4, -2/28 HPs)
             Began as an Octopode Transmuter on July 15, 2021.
             Killed from afar by an orc wizard (5 damage)
             ... with a puff of frost
             ... on level 2 of the Dungeon.
             The game lasted 00:01:29 (1896 turns).

H0rd4k the Insei (Octopode Transmuter)              Turns: 1896, Time: 00:01:30

Health: -2/28      AC:  2    Str:  9    XL:     4   Next: 18%
Magic:  4/7        EV: 20    Int: 16    God:
Gold:   110        SH:  0    Dex: 17    Spells: 4/8 levels left

rFire    . . .     SeeInvis .     - Unarmed
rCold    . . .     Faith    .   (shield currently unavailable)
rNeg     . . .     Spirit   .   (helmet currently unavailable)
rPois    x         Reflect  .   (no amulet)
rElec    .         Harm     .   (no ring)
rCorr    .         Rampage  .   (no ring)
Will     .....                  (no ring)
Stlth    ++........             (no ring)
HPRegen  0.09/turn              (no ring)
MPRegen  0.10/turn              (no ring)
                                (no ring)
                                (no ring)

@: spider-form (expiring)
A: tiny, almost no armour, stealthy swim, (amphibious), 8 rings, (constrict 8)
a: End Transformation


You were on level 2 of the Dungeon.
You were a venomous arachnid creature.
You visited 1 branch of the dungeon, and saw 2 of its levels.

You collected 110 gold pieces.

Inventory:

Scrolls
 a - a scroll of remove curse {unknown}
 b - 3 scrolls of teleportation {unknown}
 d - a scroll of noise {unknown}
 e - a scroll of amnesia {unknown}
 h - 3 scrolls of enchant weapon {unknown}
 i - a scroll of magic mapping {unknown}
Potions
 c - 2 potions of heal wounds {unknown}
 f - a potion of berserk rage {unknown}
 g - a potion of degeneration {unknown}


   Skills:
 + Level 1.3 Fighting
 + Level 2.1 Dodging
 - Level 0.4 Stealth
 + Level 3.9 Unarmed Combat
 * Level 2.5 Spellcasting
 * Level 2.4 Transmutations
 * Level 0.2 Poison Magic


You had 4 spell levels left.
You knew the following spells:

 Your Spells              Type           Power        Failure   Level
a - Beastly Appendage     Tmut           18%          21%         1
b - Spider Form           Tmut/Pois      3%           56%         3

Your spell library contained the following spells:

 Spells                   Type           Power        Failure   Level
 Wereblood                Tmut           9%           26%         2
 Ice Form                 Ice/Tmut       5%           89%         4
 Blade Hands              Tmut           4%           97%         5


Dungeon Overview and Level Annotations

Branches:
Dungeon (2/15)

Altars:

Annotations:
D:2 1 runed translucent door, Crazy Yiuf


Innate Abilities, Weirdness & Mutations

You cannot wear most types of armour.
You are very stealthy in the water. (Stealth+)
((You are amphibious.))
You can wear up to eight rings at the same time.
((You can use your tentacles to constrict eight enemies at once.))
((Your skin changes colour to match your surroundings (Stealth+).))
((Your rubbery body absorbs attacks. (AC +1, EV +1)))


Message History

The puff of frost hits you.
You hit the orc.
The orc is poisoned.
The orc is lightly wounded.
The orc completely misses you.
You bite the orc!
You kill the orc!
You closely miss something.
You hear some strange, mumbled words.
A puff of frost appears from out of thin air!
The puff of frost hits you!
* * * LOW HITPOINT WARNING * * *
You hit something.
Your transformation is almost over.
Something hits you.
* * * LOW HITPOINT WARNING * * *
You hit something.
You hear some strange, mumbled words.
A puff of frost appears from out of thin air!
The puff of frost hits you.
You die...

#.#.################.†
#...# #.# ##.## #.#
#.# #.# # #.# #.#
..##.##.## #.#
#........# #.#
#.##.##..####
########.# #
#..{s.######.........
#.###...............#
#.# #........######..
#.####.####### #..
#......# ### ########


There were no monsters in sight!

Vanquished Creatures
  A worm (D:2)
  5 dart slugs
  A leopard gecko (D:1)
  3 orcs (D:2)
  A giant cockroach (D:1)
  4 goblins
  8 hobgoblins (D:1)
  3 jackals (D:1)
  7 kobolds (D:1)
  8 bats
  A frilled lizard (D:1)
  5 rats
47 creatures vanquished.

Vanquished Creatures (others)
  A plant (D:1)
1 creature vanquished.

Grand Total: 48 creatures vanquished

Notes
Turn   | Place    | Note
-------+----------+-------------------------------------------
     0 | D:1      | H0rd4k the Octopode Transmuter began the quest for the Orb.
     0 | D:1      | Reached XP level 1. HP: 13/13 MP: 3/3
   146 | D:1      | Reached XP level 2. HP: 8/18 MP: 5/5
   488 | D:1      | Reached XP level 3. HP: 18/23 MP: 6/6
  1351 | D:1      | Learned a level 3 spell: Spider Form
  1497 | D:2      | Reached XP level 4. HP: 19/28 MP: 7/7
  1777 | D:2      | Found a runed translucent door.
  1778 | D:2      | Noticed Crazy Yiuf
  1896 | D:2      | Killed from afar by an orc wizard

Illustrated notes

Levels and vault maps discovered:
D:1:      wander_arrival_fairy_ring, layout_rooms, minmay_pentomino_r4
D:2:      layout_loops_ring, minmay_overflow_temple_hex, uniq_sigmund,
          uniq_crazy_yiuf_cottage

Action                   |  1- 3 |  4- 6 || total
-------------------------+-------+-------++-------
Melee: Unarmed           |    90 |    20 ||   110
       Constrict         |    32 |     4 ||    36
       Tentacles         |    15 |     3 ||    18
       Punch             |     2 |       ||     2
 Cast: Spider Form       |       |     1 ||     1
 Stab: Sleeping          |     8 |       ||     8
Armor: Skin              |     9 |     2 ||    11
Dodge: Dodged            |    52 |    10 ||    62
